Map: Prion Terraces

Players

MorN - Winner!

  • Race: Terran Terran
  • League: Master

Breath

  • Race: Protoss Protoss
  • League: Diamond

VOD

Have the link to the VOD?

Description

Time

  • Played on: Nov. 29, 2015, 8:59 p.m.
  • Length: 11:50
Show
View Real Time Build Order
Export as new Build Order

MorN Terran - Winner!

Build Orders: MMM Bio 

Get SALT Encoding   

  12  0:00  SCV  
  13  0:13  SCV  
  14  0:17  Supply Depot  
  14  0:25  SCV  
  15  0:38  SCV  
  15  0:40  Barracks  
  16  0:44  Refinery  
  16  0:50  SCV  
  17  1:03  SCV  
  18  1:15  SCV  
  19  1:27  Marine  
  19  1:28  Orbital Command  
  20  1:48  Command Center  
  20  1:59  Factory  
  20  2:06  SCV  
  20  2:07  Marine  
  22  2:18  SCV  
  23  2:31  Supply Depot  
  23  2:35  Refinery  
  23  2:40  Barracks Reactor  
  23  2:47  Factory Tech Lab  
  23  2:52  SCV  
  23  2:53  Barracks  
  24  3:00  Orbital Command  
  24  3:04  SCV  
  25  3:07  Cyclone  
  28  3:16  SCV  
  28  3:17  Engineering Bay  
  28  3:19  Marine  
  30  3:29  SCV  
  30  3:33  SCV  
  32  3:40  Marine x2  
  32  3:41  SCV  
  35  3:45  SCV  
  36  3:50  Stimpack, Factory Reactor  
  36  3:51  Barracks  
  36  3:53  SCV  
  37  3:56  Missile Turret  
  37  3:57  SCV  
  37  4:00  Missile Turret  
  38  4:05  Marine x2  
  38  4:07  Marine  
  41  4:11  SCV  
  41  4:15  Supply Depot  
  42  4:18  SCV  
  43  4:34  Marine, Marauder  
  43  4:35  Marine  
  44  4:41  SCV x2  
  44  4:42  Starport  
  44  4:43  Factory Reactor  
  46  4:49  Marine x2  
  48  4:53  Terran Infantry Weapons Level 1, SCV  
  48  4:54  SCV  
  48  4:55  Supply Depot  
  52  5:00  Marauder  
  52  5:02  Marine  
  52  5:03  Marine  
  54  5:13  Supply Depot  
  54  5:16  SCV x2, Marine  
  59  5:21  Marauder  
  59  5:28  SCV x2, Refinery  
  59  5:30  Factory Reactor  
  59  5:35  Medivac x2  
  65  5:37  Supply Depot  
  65  5:38  Marine x3  
  65  5:39  Marine  
  65  5:42  Marine  
  70  5:50  Command Center  
  70  5:54  Combat Shields, Refinery  
  70  5:59  SCV  
  70  6:00  Supply Depot  
  70  6:02  Supply Depot, SCV  
  72  6:06  Medivac  
  72  6:09  Medivac  
  72  6:11  SCV  
  77  6:19  SCV  
  77  6:22  Marauder, Marine x4  
  77  6:24  Supply Depot  
  84  6:40  Marine  
  84  6:41  Medivac x2  
  84  6:43  Marauder  
  84  6:44  SCV x2  
  84  6:46  Barracks x2  
  91  7:12  Marine x2  
  91  7:13  Marauder  
  95  7:16  Viking x2  
  95  7:20  Marine x2  
  95  7:21  Terran Infantry Armor Level 1  
  101  7:24  Engineering Bay  
  101  7:28  Armory  
  101  7:30  Orbital Command  
  101  7:35  Marauder  
  103  7:37  Barracks Tech Lab x2  
  103  7:56  Marauder  
  105  8:02  Marauder, Marine x3  
  105  8:03  Marine, Marauder  
  105  8:05  SCV x3  
  116  8:13  Starport  
  116  8:16  Viking x2  
  116  8:17  SCV x2, Factory Reactor, Marine  
  116  8:18  SCV  
  116  8:20  Marine  
  116  8:21  Marine  
  116  8:25  Terran Infantry Weapons Level 2  
  116  8:26  Marauder x2  
  120  8:27  Supply Depot  
  120  8:28  Supply Depot  
  120  8:29  SCV, Refinery  
  120  8:30  SCV  
  120  8:31  SCV  
  123  8:35  Marauder  
  123  8:39  Liberator x2  
  125  8:41  Supply Depot x2  
  125  8:49  SCV  
  125  8:51  Liberator  
  126  8:57  Refinery  
  126  8:58  SCV x2  
  126  9:00  Supply Depot  
  134  9:06  Widow Mine x2  
  134  9:09  SCV  
  142  9:13  Liberator  
  142  9:15  Supply Depot  
  142  9:17  Supply Depot  
  142  9:20  Marine x2  
  142  9:21  Marauder  
  142  9:22  Marauder x2, Marine x2  
  152  9:27  SCV x3  
  158  9:34  Liberator x2  
  158  9:36  Widow Mine x2  
  162  9:39  SCV  
  162  9:45  Command Center  
  169  9:57  Liberator  
  169  10:10  Marine x3  
  169  10:11  Marauder x3  
  180  10:24  Liberator, Marine  
  181  10:36  Supply Depot, Marauder  
  181  10:37  Supply Depot  
  181  10:38  Marauder  
  181  10:39  Marine  
  181  10:40  Marine x2  
  181  10:41  Marauder  
  174  10:47  Marine  
  174  10:48  Medivac x2, Liberator  
  162  10:57  Marine  
  162  10:58  Marine x2, Marauder  
  162  10:59  Marauder  
  162  11:01  Marine  
  167  11:05  Marine  
  167  11:06  Planetary Fortress  
  171  11:15  Marine  
  171  11:16  Marine  
  172  11:19  Widow Mine x2, Marauder  
  172  11:20  Marauder  
  172  11:22  Marine  
  172  11:25  Command Center, Marine  
  181  11:26  Marine  
Show
View Real Time Build Order
Export as new Build Order

Breath Protoss 

Build Orders: 1 Gate Expand, Oracle Opening 

Get SALT Encoding   

  12  0:01  Probe (Chrono Boost)  
  13  0:12  Probe (Chrono Boost)  
  14  0:17  Pylon  
  14  0:22  Probe (Chrono Boost)  
  16  0:35  Probe (Chrono Boost)  
  16  0:37  Gateway  
  16  0:44  Assimilator  
  16  0:46  Probe (Chrono Boost)  
  17  0:56  Probe (Chrono Boost)  
  18  1:07  Probe (Chrono Boost)  
  19  1:17  Probe (Chrono Boost)  
  20  1:28  Nexus  
  20  1:39  Cybernetics Core  
  20  1:48  Pylon  
  20  1:49  Probe (Chrono Boost)  
  21  2:04  Probe (Chrono Boost)  
  21  2:08  Assimilator  
  22  2:17  Mothership Core (Chrono Boost), Stalker  
  22  2:22  Warp Gate  
  26  2:35  Probe (Chrono Boost)  
  27  2:40  Probe (Chrono Boost)  
  28  2:45  Probe (Chrono Boost)  
  28  2:49  Pylon  
  28  2:50  Probe (Chrono Boost)  
  30  2:55  Stargate  
  30  2:57  Probe (Chrono Boost)  
  31  3:01  Probe (Chrono Boost)  
  32  3:08  Probe (Chrono Boost)  
  32  3:12  Probe (Chrono Boost)  
  34  3:18  Probe (Chrono Boost)  
  35  3:22  Probe (Chrono Boost)  
  35  3:23  Robotics Facility  
  36  3:29  Probe (Chrono Boost)  
  36  3:33  Probe (Chrono Boost)  
  38  3:39  Probe (Chrono Boost)  
  39  3:42  Oracle  
  39  3:43  Probe (Chrono Boost)  
  41  3:56  Probe (Chrono Boost)  
  41  3:57  Gateway  
  41  3:58  Assimilator  
  41  3:59  Gateway  
  41  4:01  Assimilator  
  41  4:02  Pylon  
  42  4:08  Probe x2 (Chrono Boost), Pylon  
  44  4:22  Immortal  
  48  4:25  Probe (Chrono Boost)  
  48  4:27  Mothership Core (Chrono Boost)  
  49  4:38  Probe (Chrono Boost)  
  49  4:39  Stalker  
  52  4:45  Probe (Chrono Boost)  
  52  4:48  Probe (Chrono Boost), Phoenix  
  55  4:56  Probe (Chrono Boost)  
  55  4:59  Probe (Chrono Boost)  
  57  5:10  Probe x2 (Chrono Boost)  
  57  5:12  Observer  
  57  5:13  Phoenix  
  62  5:20  Probe x2 (Chrono Boost)  
  64  5:26  Twilight Council  
  64  5:27  Zealot  
  64  5:28  Zealot x2, Pylon  
  70  5:30  Pylon  
  70  5:37  Pylon  
  70  5:45  Phoenix  
  70  5:46  Probe (Chrono Boost), Observer  
  70  5:47  Probe (Chrono Boost)  
  75  5:55  Adept  
  75  5:56  Probe (Chrono Boost), Adept x2  
  82  5:57  Probe (Chrono Boost)  
  83  6:07  Probe (Chrono Boost)  
  83  6:08  Templar Archives, Probe (Chrono Boost)  
  83  6:10  Phoenix  
  87  6:17  Probe (Chrono Boost)  
  85  6:20  Adept x3  
  85  6:22  Probe (Chrono Boost)  
  92  6:32  Pylon  
  92  6:34  Pylon  
  92  6:35  Phoenix, Charge  
  94  7:00  Phoenix  
  96  7:04  Adept x3  
  96  7:06  Probe x2 (Chrono Boost)  
  96  7:07  Pylon  
  104  7:10  Pylon  
  104  7:25  Phoenix  
  104  7:27  High Templar  
  108  7:30  Zealot x2  
  110  7:54  Adept x2  
  113  8:05  Nexus  
  113  8:27  Psionic Storm  
  113  8:29  Pylon, Assimilator  
  113  8:34  Pylon x2, Assimilator  
  113  8:37  Pylon  
  113  8:44  Pylon  
  113  8:46  Phoenix  
  115  8:48  Pylon  
  115  8:49  Pylon  
  115  8:52  Adept x3  
  121  8:55  Resonating Glaives (Chrono Boost)  
  121  9:00  Gateway  
  121  9:02  Gateway  
  121  9:04  Gateway  
  121  9:05  Gateway  
  121  9:11  Phoenix  
  121  9:14  Zealot x3  
  129  9:17  Probe x2 (Chrono Boost)  
  130  9:27  Immortal  
  130  9:28  Probe  
  135  9:36  High Templar x2  
  135  9:37  High Templar  
  141  9:57  Probe  
  141  9:58  Probe  
  143  10:04  Zealot  
  143  10:05  Zealot x3  
  151  10:08  Immortal  
  151  10:10  Probe  
  156  10:20  Forge  
  156  10:23  Zealot  
  156  10:24  Forge, Zealot x2  
  162  10:37  Nexus  
  134  10:44  Pylon  
  134  10:48  Observer  
  115  10:54  Stalker x2  
  115  10:55  Stalker x4  
  121  11:01  Void Ray  
  125  11:05  Pylon  
  125  11:07  Zealot  
  125  11:10  Dark Shrine  
  125  11:36  Zealot x7  
Tags
 
Add a new tag
Caveats
  • Supply blocks, unpowered buildings, or Contaminate may cause inaccurate times.
  • Supply counts are checked every 10 seconds.